 Dungeon Crawl Stone Soup version 0.24-a0-616-ge2a249a (webtiles) character file.

Game seed: 5853005258104898032, levelgen mode: deterministic

7644 shirosan the Fighter (level 11, -3/120 HPs)
             Began as an Ogre Berserker on Sept 13, 2019.
             Was a High Priest of Trog.
             Slain by an orc warrior
             ... wielding a +0 short sword
              (9 damage)
             ... on level 10 of the Dungeon on Sept 14, 2019.
             The game lasted 00:22:38 (12867 turns).

shirosan the Fighter (Ogre Berserker)              Turns: 12867, Time: 00:22:38

Health: -3/120     AC: 10    Str: 23    XL:     11   Next: 18%
Magic:  11/11      EV: 11    Int:  8    God:    Trog [*****.]
Gold:   486        SH: 11    Dex: 11    Spells: 10/10 levels left

rFire    . . .     SeeInvis .   K - +4 morningstar (protect)
rCold    . . .     Gourm    .   r - +1 shield {AC+3}
rNeg     . . .     Faith    .   b - +1 animal skin
rPois    .         Spirit   .   (helmet restricted)
rElec    .         Reflect  .   s - +2 cloak
rCorr    .         Harm     .   (gloves unavailable)
MR       +....                  (boots unavailable)
Stlth    +++.......             e - amulet of magic regeneration
HPRegen  0.30/turn              M - ring of stealth
MPRegen  0.37/turn              d - ring of stealth

@: no status effects
A: large, unfitting armour, tough skin 1
a: Berserk, Trog's Hand, Brothers in Arms, Renounce Religion


You were on level 10 of the Dungeon.
You worshipped Trog.
Trog was extremely pleased with you.
You were not hungry.

You visited 1 branch of the dungeon, and saw 11 of its levels.

You collected 486 gold pieces.

Inventory:

Hand Weapons
 a - a +5 quarterstaff of chaos
 t - a +0 mace
 x - a +0 hunting sling
 y - a +0 flail
 F - a cursed +5 dire flail
 G - a +0 giant spiked club
 K - a +4 morningstar of protection (weapon)
 L - a +2 whip of venom
Missiles
 l - 273 stones (quivered)
 A - 9 poisoned darts
 B - 2 large rocks
 D - 5 boomerangs
 I - 13 silver boomerangs
Armour
 b - a +1 animal skin (worn)
 r - a +1 shield of protection (worn)
 s - a +2 cloak (worn)
Jewellery
 d - a ring of stealth (right hand)
 e - an amulet of magic regeneration (around neck)
 M - a ring of stealth (left hand)
Wands
 H - a wand of enslavement (6)
 O - a wand of digging (6)
Scrolls
 f - 4 scrolls of fog
 k - 6 scrolls of remove curse
 m - 4 scrolls of teleportation
 n - 2 scrolls of enchant weapon
 o - a scroll of enchant armour
 v - a scroll of magic mapping
 z - 4 scrolls of identify
 P - a scroll of blinking
Potions
 g - 3 potions of might
 h - 2 potions of magic
 i - 2 potions of curing
 j - 3 potions of agility
 p - a potion of berserk rage
 q - 3 potions of flight
 u - 4 potions of brilliance
 w - a potion of mutation
 C - a potion of lignification
 E - 2 potions of heal wounds
 J - 2 potions of haste
 N - a potion of resistance
Comestibles
 c - 19 rations
 Q - 4 chunks of flesh


   Skills:
 + Level 11.2 Fighting
 * Level 10.8 Maces & Flails
 - Level 6.5 Dodging
 * Level 6.3 Shields


You had 10 spell levels left.
You didn't know any spells.
Your spell library was empty.

Dungeon Overview and Level Annotations

Branches:
Dungeon (11/15)            Temple (0/1) D:5
   Lair: D:8-11         Orc: D:9-12

Altars:
Elyvilon
Ru
Vehumet
Xom
Yredelemnul
Zin

Annotations:
D:9 1 exclusion


Innate Abilities, Weirdness & Mutations

You are too large for most types of armour.
You have tough skin. (AC +1)


Message History

The orc priest calls down the wrath of Beogh upon you.
Beogh smites you!
* * * LOW HITPOINT WARNING * * *
You block the porcupine's attack.
The crimson imp hits you but does no damage.
You block the orc warrior's attack.
You climb upwards.
Reactivating autopickup.
There is a stone staircase leading down, spattered with blood here.
You can't go up here!
You can't go up here!
You can't go up here!
You can't go up here!
You feel much better. The crocodile bites you!
* * * LOW HITPOINT WARNING * * *
You block the porcupine's attack. The yak gores you!
* * * LOW HITPOINT WARNING * * *
You block the crimson imp's attack.
The orc warrior hits you with a +0 short sword!
You die...

....####.# #.#
....#....######.#
....#...........#
....#.######....####
....#.# #.......#
....#.# #.......#
....#.# #.......#
....#.# #...Yo..#
....#.# #...(@t.#
.####.# #...5r..#
.#....# #.......#
##....# #......##
......# #......#
......######......#
..................#
.#####..>.........#
.# #............#


You could see a yak, an orc warrior, a crocodile, a porcupine and a crimson imp.

Vanquished Creatures
  A two-headed ogre (D:9)
  An elephant (shapeshifter) (D:6)
  A hornet (D:9)
  A hippogriff (D:6)
  Eustachio (D:4)
  A hungry ghost (D:9)
  5 yaks
  A wyvern (D:10)
  A water moccasin (D:7)
  A black bear (D:8)
  2 ice beasts
  An orc warrior (D:8)
  A phantom (D:10)
  A sky beast (D:10)
  A hornet zombie (D:9)
  3 ogres
  An eye of draining (D:10)
  10 centaurs
  A crocodile (D:10)
  A big kobold (D:4)
  4 bullfrogs
  A wyvern skeleton (D:8)
  4 scorpions
  5 wights (D:10)
  12 killer bees
  6 howler monkeys
  5 crimson imps
  2 bullfrog zombies
  A centaur zombie (D:9)
  A centaur skeleton (D:9)
  Crazy Yiuf (D:2)
  6 hounds
  4 orc priests
  A gnoll shaman (D:4)
  A jelly (D:10)
  2 bullfrog skeletons (D:9)
  3 iguanas
  Natasha (twice) (D:2)
  8 orc wizards
  7 worker ants
  A killer bee zombie (D:7)
  2 hound zombies
  2 hound skeletons
  2 worker ant zombies
  Robin (D:2)
  7 gnolls (D:4)
  10 adders
  3 shadow imps (D:6)
  An adder zombie (D:7)
  An adder skeleton (D:8)
  5 worms
  5 dart slugs
  4 leopard geckos
  32 orcs
  6 bats
  5 giant cockroaches
  20 goblins
  9 hobgoblins
  17 jackals
  27 kobolds
  2 quokkas
  7 frilled lizards
  A giant cockroach zombie (D:5)
  A leopard gecko skeleton (D:4)
  6 rats
289 creatures vanquished.

Vanquished Creatures (others)
  A fungus (D:11)
  A plant (D:11)
2 creatures vanquished.

Grand Total: 291 creatures vanquished

Notes
Turn   | Place    | Note
-------+----------+-------------------------------------------
     0 | D:1      | shirosan the Ogre Berserker began the quest for the Orb.
     0 | D:1      | Reached XP level 1. HP: 24/24 MP: 1/1
   110 | D:1      | Reached XP level 2. HP: 32/32 MP: 2/2
   442 | D:1      | Reached XP level 3. HP: 28/40 MP: 3/3
   740 | D:1      | Reached ** piety under Trog
  1488 | D:2      | Reached XP level 4. HP: 38/49 MP: 4/4
  2208 | D:2      | Reached skill level 5 in Fighting
  2229 | D:2      | Noticed Natasha
  2237 | D:2      | Killed Natasha
  2237 | D:2      | Reached XP level 5. HP: 47/57 MP: 5/5
  2360 | D:2      | Noticed Robin
  2370 | D:2      | Killed Robin
  2859 | D:2      | Found a runed translucent door.
  2860 | D:2      | Noticed Crazy Yiuf
  2870 | D:2      | Killed Crazy Yiuf
  3083 | D:2      | Noticed Natasha
  3088 | D:2      | Killed Natasha
  3088 | D:2      | Reached XP level 6. HP: 66/66 MP: 6/6
  3263 | D:3      | Reached *** piety under Trog
  3676 | D:4      | Noticed Eustachio
  3684 | D:4      | Killed Eustachio
  3684 | D:4      | Reached skill level 5 in Maces & Flails
  3735 | D:4      | Reached skill level 6 in Fighting
  3735 | D:4      | Reached XP level 7. HP: 75/75 MP: 7/7
  3784 | D:4      | Found a sacrificial altar of Ru.
  3787 | D:4      | Found a basalt altar of Yredelemnul.
  3801 | D:4      | Found a shimmering altar of Xom.
  3804 | D:4      | Found a white marble altar of Elyvilon.
  4162 | D:4      | Identified the cursed +1 leather armour of Xom's Generosity
                  | {Dex+4}
  5720 | D:5      | Entered Level 5 of the Dungeon
  5731 | D:5      | Reached **** piety under Trog
  5892 | D:5      | Reached XP level 8. HP: 84/84 MP: 8/8
  5992 | D:5      | Reached skill level 7 in Fighting
  6111 | D:5      | Found a staircase to the Ecumenical Temple.
  6305 | D:5      | Reached skill level 5 in Dodging
  7099 | D:6      | Found a radiant altar of Vehumet.
  7105 | D:6      | Found a glowing silver altar of Zin.
  7624 | D:6      | Reached skill level 8 in Fighting
  8303 | D:6      | Noticed a shapeshifter
  8303 | D:6      | a killer bee changed into a shapeshifter
  8303 | D:6      | Noticed an elephant
  8303 | D:6      | a shapeshifter changed into an elephant
  8308 | D:6      | Killed an elephant
  8308 | D:6      | Reached XP level 9. HP: 30/97 MP: 9/9
  8738 | D:7      | Reached skill level 9 in Fighting
  9068 | D:7      | Identified a scroll of acquirement
  9240 | D:8      | Reached ***** piety under Trog
  9312 | D:8      | Reached skill level 1 in Shields
  9744 | D:8      | Reached XP level 10. HP: 45/109 MP: 10/10
 10451 | D:8      | Received a gift from Trog
 10453 | D:8      | Reached skill level 10 in Fighting
 10731 | D:9      | Noticed a two-headed ogre
 10737 | D:9      | Killed a two-headed ogre
 10827 | D:9      | Reached skill level 10 in Maces & Flails
 11133 | D:9      | Reached skill level 5 in Shields
 11373 | D:9      | Paralysed by a hornet for 2 turns
 11591 | D:10     | Entered Level 10 of the Dungeon
 11885 | D:10     | Reached XP level 11. HP: 97/119 MP: 11/11
 12171 | D:10     | Reached skill level 11 in Fighting
 12865 | D:11     | HP: 1/120 [orc priest/divine providence (10)]
 12867 | D:10     | Slain by an orc warrior

Levels and vault maps discovered:
D:1:      dpeg_arrival_brainrot, layout_basic, minmay_statues_item
D:2:      layout_rooms, first_ration, minmay_pentomino_pile,
          uniq_crazy_yiuf_cottage, uniq_robin, uniq_natasha
D:3:      layout_rooms, moated_statue
D:4:      kennysheep_kobold_camp, layout_basic,
          grunt_temple_overflow_cloverleaf, uniq_eustachio
D:5:      layout_gridville, minmay_temple_entry_statues_pillars
D:6:      layout_rooms, grunt_temple_overflow_open, nicolae_zen_rock_garden,
          st_stairs_7
D:7:      layout_rooms
D:8:      layout_loops_ring, serial_rivers, chequers_serial_rivers_micro_c,
          chequers_serial_rivers_large_a, chequers_serial_rivers_marsh,
          chequers_serial_rivers_room_b, chequers_serial_rivers_small_3,
          chequers_serial_rivers_room_b
D:9:      layout_gridville, hangedman_pestilent_swarm
D:10:     layout_irregular_city
D:11:     layout_basic, minmay_lair_entry_grove, hiddenorc1_lemuel,
          enter_trove_5, basic_altar, minmay_misc_feat_tower

Skill      XL: |  1  2  3  4  5  6  7  8  9 10 11 |
---------------+----------------------------------+-----
Maces & Flails | 3 4 5 6 8 9 10 | 10.8
Dodging        | 3 4 6 |  6.5
Fighting       | 5 6 8 9 10 11 | 11.2
Shields        | 2 5 6 |  6.3

Action                   |  1- 3 |  4- 6 |  7- 9 | 10-12 || total
-------------------------+-------+-------+-------+-------++-------
Melee: Mace              |   119 |   112 |     5 |       ||   236
       Quarterstaff      |       |    34 |   127 |       ||   161
       Flail             |       |       |   319 |    39 ||   358
       Morningstar       |       |       |       |   232 ||   232
Invok: Berserk           |     2 |     6 |    12 |     4 ||    24
       Trog's Hand       |       |     1 |       |       ||     1
  Use: Scroll            |       |       |    20 |     3 ||    23
       Potion            |       |       |       |     1 ||     1
 Stab: Sleeping          |     1 |     1 |     1 |     3 ||     6
  Eat: Chunk             |     3 |    11 |    19 |    10 ||    43
       Ration            |       |     1 |     3 |     3 ||     7
Armor: Animal skin       |    30 |    49 |   165 |   145 ||   389
Dodge: Dodged            |    74 |    92 |   342 |   152 ||   660
Block: Shield            |       |       |    39 |   183 ||   222

Table legend:
 A = Non-vault XP
 B = Vault XP
 C = Vault XP percentage of total XP
 D = Non-vault monster count
 E = Vault monster count
 F = Vault count percentage of total count
                 A         B        C        D         E       F
            +---------+---------+-------+---------+---------+-------
      Total |   10124 |     796 |   7.3 |     247 |      42 |  14.5
            +---------+---------+-------+---------+---------+-------
        D:1 |      58 |       5 |   7.9 |      30 |       1 |   3.2
        D:2 |     146 |     113 |  43.6 |      28 |      15 |  34.9
        D:3 |      64 |       0 |   0.0 |      12 |       0 |   0.0
        D:4 |     411 |     331 |  44.6 |      25 |      22 |  46.8
        D:5 |     295 |       0 |   0.0 |      16 |       0 |   0.0
        D:6 |    1405 |      50 |   3.4 |      23 |       1 |   4.2
        D:7 |    1013 |       0 |   0.0 |      22 |       0 |   0.0
        D:8 |    1620 |       0 |   0.0 |      30 |       0 |   0.0
        D:9 |    2734 |     297 |   9.8 |      27 |       3 |  10.0
       D:10 |    2210 |       0 |   0.0 |      32 |       0 |   0.0
       D:11 |     168 |       0 |   0.0 |       2 |       0 |   0.0
            +---------+---------+-------+---------+---------+-------
